[Event "EYCC 2017"]
[Site "Mamaia"]
[Date "2017.09.13"]
[Round "8"]
[White "Zarubitski, Viachaslau"]
[Black "Oboladze, Luka"]
[Result "0-1"]
[ECO "A36"]
[WhiteElo "2325"]
[BlackElo "2083"]
[Annotator "NA RC"]
[PlyCount "78"]
[EventDate "2017.??.??"]
[EventType "swiss"]
[EventCountry "ROU"]
[SourceTitle "playchess.com"]
[Source "ChessBase"]
[SourceQuality "1"]
[TimeControl "40/5400+30:1800+30"]

1. c4 c5 2. Nc3 Nc6 3. g3 g6 4. Bg2 Bg7 5. e3 d6 6. Nge2 h5 7. h3 Nh6 8. e4 h4 9. g4 f5 10. gxf5 gxf5 11. d3 Be6 12. Rg1 Qd7 13. Bg5 O-O-O 14. Bxh4 Nf7 15. Bg3 fxe4 16. Nxe4 Bxh3 17. Bxh3 Rxh3 18. Nf4 Rh6 19. Qa4 Bxb2 20. Rb1 Be5 21. Kd2 e6 22. Ne2 Qc7 23. Bxe5 Nfxe5 24. Rg3 Qa5+ 25. Qxa5 Nxa5 26. f4 Nec6 27. Rbg1 Ne7 28. Rg7 Nac6 29. Rf7 Nf5 30. N4g3 Nfd4 31. Nxd4 Nxd4 32. Rh1 Rxh1 33. Nxh1 Rd7 34. Rf8+ Kc7 35. Nf2 Rg7 36. a3 Rg1 37. Ne4 Rg2+ 38. Kd1 Ra2 39. Nc3 Rxa3 0-1

[Event "EYCC 2017"]
[Site "Mamaia"]
[Date "2017.09.13"]
[Round "8"]
[White "Represa Perez, Mireya"]
[Black "Sliwicka, Alicja"]
[Result "0-1"]
[ECO "C47"]
[WhiteElo "2082"]
[BlackElo "2230"]
[Annotator "NA RC"]
[PlyCount "68"]
[EventDate "2017.??.??"]
[EventType "swiss"]
[EventCountry "ROU"]
[SourceTitle "playchess.com"]
[Source "ChessBase"]
[SourceQuality "1"]
[TimeControl "40/5400+30:1800+30"]

1. e4 e5 2. Nf3 Nc6 3. Nc3 Nf6 4. d4 exd4 5. Nxd4 Bb4 6. Nxc6 bxc6 7. Bd3 d5 8. exd5 cxd5 9. O-O O-O 10. Bg5 Be7 11. Qf3 c6 12. Rfe1 Rb8 13. Na4 h6 14. Bf4 Rb4 15. b3 Bg4 16. Qe3 Re8 17. c4 dxc4 18. Bxc4 Rxc4 19. bxc4 Bb4 20. Be5 Bxe1 21. Rxe1 Nd7 22. f4 Qa5 23. Nc3 f6 24. h3 Bf5 25. g4 Bg6 26. Rd1 Nf8 27. Ne4 Bxe4 28. Qxe4 fxe5 29. Qxc6 Qb6+ 30. Qxb6 axb6 31. Rd6 Re6 32. fxe5 Rxd6 33. exd6 Kf7 34. Kf2 Ke6 0-1

[Event "EYCC 2017"]
[Site "Mamaia"]
[Date "2017.09.13"]
[Round "8"]
[White "Tsaruk, Maksim"]
[Black "Luczak, Filip"]
[Result "0-1"]
[ECO "B94"]
[WhiteElo "2060"]
[BlackElo "1866"]
[Annotator "NA RC"]
[PlyCount "140"]
[EventDate "2017.??.??"]
[EventType "swiss"]
[EventCountry "ROU"]
[SourceTitle "playchess.com"]
[Source "ChessBase"]
[SourceQuality "1"]
[TimeControl "40/5400+30:1800+30"]

1. e4 c5 2. Nf3 d6 3. d4 Nf6 4. Nc3 cxd4 5. Nxd4 a6 6. Bg5 Nbd7 7. f4 Qc7 8. Qf3 g6 9. O-O-O Bg7 10. Be2 Rb8 11. Rhe1 b5 12. Nd5 Nxd5 13. exd5 Bb7 14. Bxb5 O-O 15. Bxd7 Qxd7 16. Rxe7 Qc8 17. f5 Be5 18. Bf4 Bxd5 19. Qxd5 Bxf4+ 20. Kb1 Be5 21. fxg6 hxg6 22. Rf1 Qc3 23. Rb7 Qxd4 24. Qxd4 Bxd4 25. Rxb8 Rxb8 26. b3 Kg7 27. c4 Re8 28. Rd1 Bc5 29. Rd2 Re1+ 30. Kb2 Rf1 31. Kc3 Rf2 32. Rxf2 Bxf2 33. Kb4 Be1+ 34. Ka4 a5 35. a3 Kf6 36. b4 axb4 37. axb4 Ke7 38. Kb5 Kd7 39. c5 dxc5 40. Kxc5 Kc7 41. b5 Bf2+ 42. Kd5 Bh4 43. b6+ Kxb6 44. Kd6 Kb5 45. g3 Kc4 46. gxh4 Kd4 47. Ke7 f5 48. Kf6 f4 49. Kxg6 f3 50. h5 f2 51. h6 f1=Q 52. Kg7 Qg2+ 53. Kh8 Qa8+ 54. Kg7 Qb7+ 55. Kg8 Qc8+ 56. Kg7 Qd7+ 57. Kg6 Qe6+ 58. Kg7 Qe7+ 59. Kg8 Qg5+ 60. Kh7 Ke5 61. h4 Qxh4 62. Kg6 Qe7 63. h7 Qf6+ 64. Kh5 Qh8 65. Kg6 Qf8 66. Kh5 Qg7 67. h8=Q Qxh8+ 68. Kg6 Qg8+ 69. Kh6 Kf6 70. Kh5 Qg5# 0-1

[Event "EYCC 2017"]
[Site "Mamaia"]
[Date "2017.09.13"]
[Round "8"]
[White "Aciu, Malina-Andreea"]
[Black "Lomandong Noela-Joyce"]
[Result "0-1"]
[ECO "D10"]
[WhiteElo "2058"]
[BlackElo "2040"]
[Annotator "NA RC"]
[PlyCount "136"]
[EventDate "2017.??.??"]
[EventType "swiss"]
[EventCountry "ROU"]
[SourceTitle "playchess.com"]
[Source "ChessBase"]
[SourceQuality "1"]
[TimeControl "40/5400+30:1800+30"]

1. d4 d5 2. c4 c6 3. e3 g6 4. Nc3 Bg7 5. Nf3 Nf6 6. Bd3 O-O {[%emt 0:16:14] LiveBook: 1107 Games} 7. O-O b6 8. b3 {[%emt 0:06:04] D94: Grünfeld: 4 Nf3 Bg7 5 e3} (8. Qe2 Bb7 9. Rd1 Nbd7 10. e4 dxe4 11. Nxe4 Qc7 12. Nxf6+ exf6 13. Be3 c5 {½-½ (13) Real de Azua,E (2459)-Alonso,S (2483) Buenos Aires 2011}) 8... Bf5 $146 ({Predecessor:} 8... Bb7 9. Ba3 Re8 10. cxd5 Nxd5 11. Ne2 Nd7 12. e4 Nc7 13. Rc1 Rc8 14. Bc4 b5 15. Bd3 a5 {1-0 (71) Nestorovic,L (2337)-Kamberovic,S (2259) Sarajevo 2014}) 9. Bb2 ({White should play} 9. Bxf5 $16 gxf5 10. Ba3) 9... e6 10. Re1 Ne4 11. Bxe4 Bxe4 12. Nd2 Bf5 13. f3 (13. Rc1 $14) 13... e5 14. Ne2 Re8 15. Nf1 (15. cxd5 $14 cxd5 16. dxe5) 15... e4 16. Neg3 Na6 17. a3 Qf6 18. Nd2 Nc5 19. Rf1 Nd3 20. fxe4 Qg5 21. exf5 Qxe3+ 22. Kh1 Nxb2 23. Qc2 Qxd4 24. Nf3 Qc3 25. Qxc3 Bxc3 26. cxd5 cxd5 27. Rac1 Rac8 28. Rc2 $19 d4 29. Rfc1 Nd3 30. Rd1 Nb2 31. Rdc1 Nd3 32. Rd1 Nf4 33. Rdc1 Rcd8 34. h3 Nd3 35. Rd1 Ne1 36. Rf2 Nxf3 37. Rxf3 Re1+ 38. Rf1 Re3 39. Rf3 Re1+ 40. Rf1 Re3 41. Rf3 Rde8 42. Kh2 Re1 43. Rdd3 Ra1 44. fxg6 hxg6 45. a4 Rae1 46. h4 Kg7 47. Kh3 R8e5 48. Kg4 Bb2 49. h5 f5+ 50. Kh3 R1e3 51. hxg6 Kxg6 52. Nf1 Rxd3 53. Rxd3 Re1 54. Rf3 Bc1 55. g3 d3 56. Rf2 Re2 57. Rf3 Re1 58. Rf2 Be3 59. Nxe3 Rxe3 60. Rd2 f4 61. Kg4 fxg3 62. Kf4 Re2 63. Rxd3 g2 64. Rg3+ Kf6 65. b4 Rb2 66. Kf3 Rb3+ 67. Kxg2 Rxg3+ 68. Kxg3 Ke5 0-1

[Event "EYCC 2017"]
[Site "Mamaia"]
[Date "2017.09.13"]
[Round "8"]
[White "Berdnyk, Mariia"]
[Black "Esadze, Tamari"]
[Result "0-1"]
[ECO "B90"]
[WhiteElo "2055"]
[BlackElo "1863"]
[Annotator "NA RC"]
[PlyCount "126"]
[EventDate "2017.??.??"]
[EventType "swiss"]
[EventCountry "ROU"]
[SourceTitle "playchess.com"]
[Source "ChessBase"]
[SourceQuality "1"]
[TimeControl "40/5400+30:1800+30"]

1. e4 c5 2. Nf3 d6 3. d4 cxd4 4. Nxd4 Nf6 5. Nc3 a6 6. Bc4 e6 7. Bb3 Be7 8. f4 O-O 9. Qf3 Nbd7 {[%emt 0:06:44] B86: Sizilianisch (Sosin-Angriff)} (9... Qc7 10. Be3 b5 11. e5 Bb7 12. exf6 Bxf3 13. fxe7 Qxe7 14. Nxf3 Nd7 15. O-O Nc5 16. f5 Nxb3 17. axb3 {½-½ (26) Tomczak,J (2564)-So,W (2705) Kazan 2013}) 10. g4 Nc5 (10... d5 $1 $15 11. exd5 Nc5) 11. Be3 (11. g5 $14 {bleibt weiter vorne.}) 11... b5 12. Nc6 Qc7 13. e5 $146 ({Vorgänger:} 13. Nxe7+ Qxe7 14. g5 Nfxe4 15. Bxc5 Nxc5 16. Qxa8 Bb7 17. Qa7 Qc7 18. Bd5 exd5 19. Nxd5 Re8+ 20. Kd2 Qc6 21. Nb4 Qg2+ 22. Kc3 Re3+ 23. Nd3 Rxd3+ 24. cxd3 Na4+ 25. Kb4 Qd2+ {0-1 (25) Drzymala,G (1987)-Mazurkiewicz,M (2124) Koszalin 2005}) 13... Bb7 14. Nxe7+ Qxe7 15. exf6 Qxf6 16. Qf1 Bxh1 17. Qxh1 b4 18. Nd1 Rac8 19. Qg2 d5 $14 (19... a5 $11) 20. Bxc5 Rxc5 21. Qf2 d4 22. g5 Qd8 23. Qg3 e5 24. f5 e4 25. g6 Kh8 26. gxf7 Rxf5 27. Nf2 Rg5 28. Ng4 h5 29. h3 g6 30. O-O-O hxg4 31. hxg4 Kg7 32. Qf4 Qf6 33. Qxe4 a5 34. Re1 Rc5 35. Be6 d3 36. Qxd3 Re5 37. Rxe5 Qxe5 38. Bb3 Rh8 39. c3 Qe1+ 40. Bd1 Kxf7 41. Qd5+ Qe6 42. Qd4 Rh1 43. c4 Re1 44. c5 Qe3+ 45. Qxe3 Rxe3 46. c6 Ke7 47. Kd2 Rg3 48. Ke1 Rg1+ 49. Kd2 Rg2+ 50. Be2 Kd6 51. Ke3 g5 52. a4 bxa3 53. bxa3 Rg1 54. a4 Kxc6 55. Bb5+ Kd5 56. Kf3 Kd4 57. Bc6 Ra1 58. Bd7 Ra3+ 59. Kg2 Kc4 60. Kf2 Kb4 61. Ke2 Rxa4 62. Kd3 Ra1 63. Ke4 Rf1 0-1

[Event "EYCC 2017"]
[Site "Mamaia"]
[Date "2017.09.13"]
[Round "8"]
[White "Sucikova, Svetlana"]
[Black "Karykowska, Anna"]
[Result "1/2-1/2"]
[ECO "A46"]
[WhiteElo "2055"]
[BlackElo "1884"]
[Annotator "NA RC"]
[PlyCount "75"]
[EventDate "2017.??.??"]
[EventType "swiss"]
[EventCountry "ROU"]
[SourceTitle "playchess.com"]
[Source "ChessBase"]
[SourceQuality "1"]
[TimeControl "40/5400+30:1800+30"]

1. d4 Nf6 2. Nf3 e6 3. g3 c5 4. Bg2 cxd4 5. Nxd4 d5 6. O-O e5 7. Nb3 Be6 8. Bg5 Nbd7 9. Nc3 Be7 10. Qd2 h6 11. Bxf6 Nxf6 12. Rad1 e4 13. Kh1 Qd7 14. Qd4 a6 15. f3 exf3 16. Bxf3 Rd8 17. Nc5 Qc6 18. Nd3 O-O 19. Nb4 Bxb4 20. Qxb4 b5 21. Rd4 Rd7 22. Rfd1 Rfd8 23. Qa5 Rb8 24. R1d2 g6 25. a3 Kh7 26. Qb4 Rbd8 27. Rh4 Qd6 28. Qd4 Qe7 29. Qe3 h5 30. Rhd4 Qd6 31. Qg5 Kg7 32. e4 Nh7 33. Qh4 Qe5 34. exd5 Nf6 35. Re2 Qf5 36. Rf4 Qh3 37. Qxf6+ Kh7 38. Bg2 1/2-1/2

[Event "EYCC 2017"]
[Site "Mamaia"]
[Date "2017.09.13"]
[Round "8"]
[White "Fiszer, Bartosz"]
[Black "Maurizzi, Marc Andria"]
[Result "1/2-1/2"]
[ECO "C70"]
[WhiteElo "2009"]
[BlackElo "1947"]
[Annotator "NA RC"]
[PlyCount "88"]
[EventDate "2017.??.??"]
[EventType "swiss"]
[EventCountry "ROU"]
[SourceTitle "playchess.com"]
[Source "ChessBase"]
[SourceQuality "1"]
[TimeControl "40/5400+30:1800+30"]

1. e4 e5 2. Nf3 Nc6 3. Bb5 a6 4. Ba4 g6 5. c3 Bg7 {C70: Ruy Lopez: 3...a6 4 Ba4, Norwegian and Delayed Schliemann} (5... d6 6. d4 Bd7 7. dxe5 Nxe5 8. Nxe5 dxe5 9. Be3 Nf6 10. Nd2 b5 11. Bb3 Bd6 12. Qf3 h6 13. a4 Rb8 14. axb5 axb5 15. O-O {1-0 (36) Sutovsky,E (2650)-Rodshtein,M (2701) Poikovsky 2017}) 6. d4 exd4 7. cxd4 b5 8. Bc2 d6 9. Nc3 Nge7 10. Be3 $146 ({Predecessor:} 10. h3 O-O 11. O-O Bb7 12. Bg5 h6 13. Be3 Na5 {0-1 (30) Popilski,G (2389)-Gopal,G (2572) New Delhi 2012}) 10... Bg4 11. Qd2 O-O 12. h4 d5 13. e5 h5 14. Bg5 Qd7 15. O-O-O Nf5 16. Ne2 a5 17. Rde1 a4 18. Ng3 Nxg3 19. fxg3 b4 20. Bb1 Rfb8 21. Bf6 Na5 22. Bxg7 Kxg7 23. Bd3 Nc4 24. Qe2 $17 ({White should play} 24. Qf4 $15) 24... Bf5 25. e6 Qxe6 26. Qxe6 Bxe6 27. Ng5 Rb6 28. Rhf1 Raa6 29. Rf2 f6 30. Nf3 Rc6 31. Kb1 Rab6 32. Rfe2 Bf7 33. Re7 Nd6 34. Rd7 Rb8 35. Ree7 Rc8 36. Ne5 fxe5 37. dxe5 Ne4 38. Rxf7+ Kg8 39. Rg7+ Kh8 40. Rh7+ Kg8 41. Rdg7+ Kf8 42. Rf7+ Kg8 43. Rfg7+ Kf8 44. Rf7+ Kg8 1/2-1/2

[Event "EYCC 2017"]
[Site "Mamaia"]
[Date "2017.09.13"]
[Round "8"]
[White "Miroshnik, Ekaterina"]
[Black "Vidruk, Mariia"]
[Result "1-0"]
[ECO "E01"]
[WhiteElo "2006"]
[BlackElo "1848"]
[Annotator "NA RC"]
[PlyCount "111"]
[EventDate "2017.??.??"]
[EventType "swiss"]
[EventCountry "ROU"]
[SourceTitle "playchess.com"]
[Source "ChessBase"]
[SourceQuality "1"]
[TimeControl "40/5400+30:1800+30"]

1. d4 Nf6 2. c4 e6 3. g3 d5 4. Bg2 Bb4+ 5. Bd2 Be7 6. Nf3 O-O 7. O-O b6 8. Nc3 Bb7 9. cxd5 exd5 10. Bf4 c6 11. Rc1 Nbd7 12. Re1 Re8 13. Rc2 Bf8 14. Bc1 Ne4 15. Nd2 f5 16. Ndxe4 fxe4 17. f3 exf3 18. Bxf3 Nf6 19. Bg5 Be7 20. Kg2 Ne4 21. Bxe7 Qxe7 22. e3 Rf8 23. Nxe4 dxe4 24. Bg4 Rf6 25. Rf1 Raf8 26. Rxf6 Qxf6 27. Qe1 Qg6 28. Bd1 Ba6 29. Rf2 Rxf2+ 30. Qxf2 Bc4 31. b3 Bd5 32. Qf4 Qe8 33. Qd6 g6 34. Bg4 Kg7 35. h4 Qf8 36. Qe5+ Qf6 37. Qc7+ Qf7 38. Qe5+ Qf6 39. Qc7+ Qf7 40. Qd6 Qf6 41. Qb8 Qf7 42. Bd1 h5 43. Qe5+ Qf6 44. g4 hxg4 45. Bxg4 Kf7 46. Kg3 b5 47. Qxf6+ Kxf6 48. Kf4 b4 49. Bd1 a5 50. Bc2 a4 51. Bxe4 Bxe4 52. Kxe4 axb3 53. axb3 Ke6 54. Kd3 Kd5 55. e4+ Kd6 56. Kc4 1-0

[Event "EYCC 2017"]
[Site "Mamaia"]
[Date "2017.09.13"]
[Round "8"]
[White "Garifullina, Leya"]
[Black "Jarocka, Liwia"]
[Result "1/2-1/2"]
[ECO "B27"]
[WhiteElo "1970"]
[BlackElo "1970"]
[Annotator "NA RC"]
[PlyCount "73"]
[EventDate "2017.??.??"]
[EventType "swiss"]
[EventCountry "ROU"]
[SourceTitle "playchess.com"]
[Source "ChessBase"]
[SourceQuality "1"]
[TimeControl "40/5400+30:1800+30"]

1. e4 c5 2. Nf3 g6 3. d4 cxd4 4. Qxd4 Nf6 5. e5 Nc6 6. Qa4 Nd5 7. Qe4 Nb6 {[%emt 0:00:28] B27: Sizilianisch (Frühes Fianchetto)} 8. Bd3 (8. Nc3 Bg7 9. Bf4 d5 10. exd6 Bf5 11. Qe2 O-O 12. O-O-O exd6 13. Rxd6 Qc8 14. Qb5 Re8 15. h4 {½-½ (30) Saric,I (2666)-Hou,Y (2673) Wijk aan Zee 2015}) 8... Bg7 9. O-O d5 10. exd6 Qxd6 11. Rd1 O-O 12. Nc3 Bf5 $146 ({Vorgänger:} 12... Qb4 13. a3 Qxe4 14. Bxe4 Bf5 15. Bxf5 gxf5 {0-1 (44) Cruz Fernandez,J (1734)-Sanchez,J (2181) San Francisco de Macoris 2016}) 13. Qe2 Bxd3 14. Rxd3 Qc7 15. Nb5 Qc8 16. c3 a6 17. Na3 Qc7 18. Be3 Rfd8 19. Rad1 Nd7 20. Nc4 b5 21. Rxd7 Rxd7 22. Rxd7 Qxd7 23. Nb6 Qb7 24. Nxa8 Qxa8 25. Qd1 Qd8 26. Qxd8+ Nxd8 27. Kf1 e5 28. Ke2 Kf8 29. Nd2 $11 Ke7 30. Kd3 Ne6 31. f3 f5 32. b4 Kd6 33. c4 Nd8 34. Bc5+ Kc6 35. Be3 Nf7 36. Kc3 f4 37. Bc5 1/2-1/2

[Event "EYCC 2017"]
[Site "Mamaia"]
[Date "2017.09.13"]
[Round "8"]
[White "Wikar, Martyna"]
[Black "Mironenko, Galina"]
[Result "0-1"]
[ECO "A45"]
[WhiteElo "1943"]
[BlackElo "2035"]
[Annotator "NA RC"]
[PlyCount "102"]
[EventDate "2017.??.??"]
[EventType "swiss"]
[EventCountry "ROU"]
[SourceTitle "playchess.com"]
[Source "ChessBase"]
[SourceQuality "1"]
[TimeControl "40/5400+30:1800+30"]

1. d4 Nf6 2. g3 e6 3. Bg2 d5 4. Nf3 Be7 5. O-O O-O 6. c4 b6 7. b3 Bb7 8. Nc3 Nbd7 9. Ne5 c5 10. e3 Rc8 11. Bb2 a6 12. f4 Qc7 13. Rc1 Rfd8 14. Qf3 Ne4 15. Nxe4 dxe4 16. Qe2 Nf8 17. h4 f6 18. Ng4 Qd7 19. Rcd1 Qe8 20. h5 h6 21. f5 Kh8 22. Nh2 exf5 23. Rxf5 Bd6 24. d5 Rc7 25. Qf2 Nh7 26. Qe1 Bc8 27. Rf1 Ng5 28. Rf4 Bxf4 29. gxf4 Nh3+ 30. Bxh3 Bxh3 31. Qh4 Bc8 32. Ng4 Bxg4 33. Qxg4 Qd7 34. f5 Qd6 35. Rd2 Re7 36. Rg2 b5 37. Qh4 bxc4 38. bxc4 Rb8 39. Kh1 Rb4 40. a3 Rb3 41. a4 Rb4 42. a5 Reb7 43. Bc3 Rxc4 44. Bb2 Rcb4 45. Bc3 Rb1+ 46. Rg1 Rxg1+ 47. Kxg1 Qxd5 48. Qg4 Rb1+ 49. Kf2 Qd3 50. Qg6 Qc2+ 51. Kg3 Rg1+ 0-1

[Event "EYCC 2017"]
[Site "Mamaia"]
[Date "2017.09.13"]
[Round "8"]
[White "Stepanyan, Eva"]
[Black "Lomaia, Diana"]
[Result "1-0"]
[ECO "B92"]
[WhiteElo "1927"]
[BlackElo "1753"]
[Annotator "NA RC"]
[PlyCount "193"]
[EventDate "2017.??.??"]
[EventType "swiss"]
[EventCountry "ROU"]
[SourceTitle "playchess.com"]
[Source "ChessBase"]
[SourceQuality "1"]
[TimeControl "40/5400+30:1800+30"]

1. e4 c5 2. Nf3 d6 3. d4 cxd4 4. Nxd4 Nf6 5. Nc3 a6 6. Be2 e5 7. Nf3 Be7 8. Bg5 Be6 9. Bxf6 Bxf6 10. O-O O-O 11. Nd5 {[%emt 0:00:45] B92: Sicilian Najdorf: 6 Be2} Bxd5 12. Qxd5 Nc6 13. Rfd1 (13. Rad1 Qb6 14. Rb1 Nd4 15. Nxd4 exd4 16. Bd3 Rac8 17. Qf5 Be5 18. f4 g6 {1-0 (80) Kovalenko,I (2640)-Chocenka,D (2292) Panevezys 2017}) 13... Be7 14. Bc4 Qc7 15. Bb3 Rac8 16. c3 Na5 17. Ne1 Nxb3 $146 ({Predecessor:} 17... b5 18. Nc2 Qc5 {1-0 (63) Connolly,S (2052)-Hanly,S Cork 2005}) 18. Qxb3 Kh8 19. Nc2 Bg5 20. Nb4 f5 21. Qd5 Rcd8 22. exf5 Rxf5 23. Qd3 Qf7 24. f3 Rf6 25. Nd5 Rh6 26. c4 Bf4 27. h3 Bg3 28. Nc3 Qc7 29. Ne4 Bh4 30. Kh1 Rg6 31. Rac1 Qb6 32. Rc2 Be7 33. b3 Rc8 34. Re2 Qc6 35. Nc3 Bf8 36. Nd5 Qc5 37. Qf5 Kg8 38. Kh2 Qc6 39. Rdd2 $16 Re8 40. Qe4 Rc8 41. Rc2 a5 42. a3 b6 43. Qf5 Rb8 44. Qe4 Rc8 45. b4 a4 46. b5 Qc5 47. Nb4 Rf6 48. g3 Rf7 49. Red2 Qc7 50. Nc6 Rf6 51. Rd5 Qf7 52. Kg2 Re8 53. Rb2 Qg6 54. Qxg6 Rxg6 55. Re2 Rge6 56. Re4 g6 57. Nb4 Kf7 58. Rd1 Rb8 59. Nd5 Rb7 60. Rb1 Re8 61. Rb4 Ra8 62. Rh4 Kg7 63. Kf2 Be7 64. Re4 Bf8 65. Ke2 Kf7 66. Kd3 Ke6 67. Re1 Bh6 68. Rd1 Bg5 69. Ke2 Bh6 70. Rb2 Rc8 71. Kd3 Rf8 72. Ke4 Rc8 73. Rb4 Ra8 74. h4 Bf8 75. g4 h6 76. Rh1 Bg7 77. g5 h5 78. Rf1 Rf7 79. Nxb6 Rf4+ 80. Ke3 Rb8 81. Nd5 Rxh4 82. Rxa4 Bf8 83. Rb4 Rh2 84. Ra1 Bg7 85. Rd1 Ra2 86. Rb3 Rb7 87. Nb4 Rg2 88. Nc6 Kf5 89. a4 Rxg5 90. a5 Rg2 91. a6 Bh6+ 92. Kd3 Rf7 93. b6 e4+ 94. fxe4+ Kg4 95. Kd4 Bg7+ 96. Kd5 Ra2 97. b7 1-0

[Event "EYCC 2017"]
[Site "Mamaia"]
[Date "2017.09.13"]
[Round "8"]
[White "Kucharska, Honorata"]
[Black "Shpanko, Nadiia"]
[Result "1/2-1/2"]
[ECO "A47"]
[WhiteElo "1917"]
[BlackElo "2065"]
[Annotator "NA RC"]
[PlyCount "82"]
[EventDate "2017.??.??"]
[EventType "swiss"]
[EventCountry "ROU"]
[SourceTitle "playchess.com"]
[Source "ChessBase"]
[SourceQuality "1"]
[TimeControl "40/5400+30:1800+30"]

1. d4 Nf6 2. Nf3 b6 3. e3 Bb7 4. Bd3 c5 5. O-O g6 6. b3 Bg7 7. Bb2 cxd4 8. exd4 O-O 9. Nbd2 Nc6 10. a3 Nd5 11. Re1 Nf4 12. Bf1 d5 13. g3 Ne6 14. c3 Nc7 15. b4 Re8 16. Nb3 a5 17. b5 Nb8 18. a4 Bc8 19. Bg2 Ra7 20. Nbd2 Bf5 21. h3 h5 22. Kh2 Nd7 23. Nh4 Nf6 24. f4 Be6 25. Nhf3 Bh6 26. Bc1 Rf8 27. Ne5 Bd7 28. Nf1 Kg7 29. Qe2 Nce8 30. g4 hxg4 31. hxg4 Nxg4+ 32. Nxg4 Bxg4 33. Qxg4 Nf6 34. Qg3 Nh5 35. Qf3 e6 36. Bd2 Nxf4 37. Bxf4 Qh4+ 38. Kg1 Bxf4 39. Red1 Rh8 40. Rd3 Rh5 41. Qh3 Qg5 1/2-1/2

[Event "EYCC 2017"]
[Site "Mamaia"]
[Date "2017.09.13"]
[Round "8"]
[White "Zhurova, Anna"]
[Black "Matasaru, Stephanie"]
[Result "1-0"]
[ECO "C60"]
[WhiteElo "1864"]
[BlackElo "1662"]
[Annotator "NA RC"]
[PlyCount "59"]
[EventDate "2017.??.??"]
[EventType "swiss"]
[EventCountry "ROU"]
[SourceTitle "playchess.com"]
[Source "ChessBase"]
[SourceQuality "1"]
[TimeControl "40/5400+30:1800+30"]

1. e4 e5 2. Nf3 Nc6 3. Bb5 Nge7 4. O-O g6 5. c3 Bg7 6. d4 exd4 7. cxd4 a6 8. Ba4 b5 9. Bb3 O-O 10. Nc3 d6 11. h3 Na5 12. Bg5 h6 13. Bh4 g5 14. Bg3 Bb7 15. Bc2 Rc8 16. h4 Ng6 17. hxg5 hxg5 18. d5 Nc4 19. Rb1 Nxb2 20. Rxb2 Bxc3 21. Rb3 Bf6 22. Nd4 Qd7 23. Nf5 Ne7 24. Nh6+ Kg7 25. Ng4 Ng8 26. f4 gxf4 27. Bxf4 Qe7 28. Nxf6 Nxf6 29. Rg3+ Kh8 30. Bg5 1-0

[Event "EYCC 2017"]
[Site "Mamaia"]
[Date "2017.09.13"]
[Round "8"]
[White "Khamenya, Vitalia"]
[Black "Hajiyeva, Laman"]
[Result "1-0"]
[ECO "D05"]
[WhiteElo "1853"]
[BlackElo "1818"]
[Annotator "NA RC"]
[PlyCount "103"]
[EventDate "2017.??.??"]
[EventType "swiss"]
[EventCountry "ROU"]
[SourceTitle "playchess.com"]
[Source "ChessBase"]
[SourceQuality "1"]
[TimeControl "40/5400+30:1800+30"]

1. d4 d5 2. e3 e6 3. Bd3 Nf6 4. Nf3 Bd6 5. O-O Nbd7 6. b3 O-O 7. Bb2 b6 8. Ne5 Bb7 9. Nd2 Ne4 10. f3 {[%emt 0:03:29] D05: Damenbauernspiele (Colle-Aufbau)} Nxd2 11. Qxd2 c5 (11... f6 12. Nxd7 Qxd7 13. e4 c5 14. e5 Be7 15. c3 f5 16. a4 Bc6 17. Ra2 a5 {½-½ (32) Mastrovasilis,A (2537)-Halkias,S (2584) Thessaloniki 2017}) 12. f4 Rc8 13. Qe2 Nf6 14. f5 $146 ({Vorgänger:} 14. dxc5 bxc5 15. c4 Qc7 16. Rac1 Rfd8 17. Bb1 Bf8 18. cxd5 exd5 {0-1 (53) Lan,I-Botvinnik,I (2185) Ramat Aviv 1998}) 14... Qc7 15. g4 Bxe5 16. dxe5 Nd7 17. f6 g6 18. Qf2 d4 19. exd4 Qc6 20. Qg3 cxd4 21. Bxd4 Qd5 22. Bb2 Nc5 23. Be2 Qh1+ 24. Kf2 Ne4+ 25. Ke3 Nxg3 26. Rxh1 Nxh1 27. c4 Rfd8 28. Ba3 $19 Rc5 29. Bxc5 bxc5 30. Rd1 Rd4 31. Rxd4 cxd4+ 32. Kxd4 Nf2 33. b4 Nh3 34. a4 Nf4 35. Bd1 Kf8 36. a5 Ke8 37. Ba4+ Kd8 38. c5 Nd5 39. c6 Bc8 40. b5 h5 41. gxh5 gxh5 42. h4 Kc7 43. Bd1 Nf4 44. Ke4 Ng6 45. Bxh5 Nh8 46. Be2 a6 47. bxa6 Kxc6 48. h5 Kc5 49. Kf4 Bxa6 50. Bxa6 Kb4 51. Kg5 Kxa5 52. Kh6 1-0

[Event "EYCC 2017"]
[Site "Mamaia"]
[Date "2017.09.13"]
[Round "8"]
[White "Levitan, Ronit"]
[Black "Krasteva, Beloslava"]
[Result "0-1"]
[ECO "B22"]
[WhiteElo "1837"]
[BlackElo "2048"]
[Annotator "NA RC"]
[PlyCount "120"]
[EventDate "2017.??.??"]
[EventType "swiss"]
[EventCountry "ROU"]
[SourceTitle "playchess.com"]
[Source "ChessBase"]
[SourceQuality "1"]
[TimeControl "40/5400+30:1800+30"]

1. e4 c5 2. c3 d5 3. exd5 Qxd5 4. d4 Nf6 5. Nf3 e6 6. Bd3 Be7 7. O-O O-O 8. Qe2 Rd8 9. Rd1 cxd4 10. cxd4 Nc6 11. Nc3 Qh5 12. Ne4 {[%emt 0:09:04] B22: Sicilian: 2 c3} Nxe4 13. Qxe4 $146 ({Predecessor:} 13. Bxe4 Nb4 14. Bf4 Nd5 15. Be5 f6 16. Bg3 Bd7 17. a3 Rac8 18. Bd3 Bf8 19. Re1 a6 {½-½ (56) Rozentalis,E (2553)-Bosiocic,M (2559) Austria 2015}) 13... Nxd4 14. Qxh7+ Qxh7 15. Bxh7+ Kxh7 16. Rxd4 Bd7 17. Ne5 Be8 18. Be3 Rxd4 19. Bxd4 a6 20. h3 Rd8 21. Bc3 f6 22. Nf3 e5 23. Rc1 Bc6 24. Nd2 Rd3 25. Nf1 Bd5 26. a3 Bd8 27. Ne3 Bb3 28. Nf1 Bb6 29. Nd2 Bd5 30. Kf1 Bc6 31. Nb3 Kg6 32. Re1 Kf7 33. Nc1 Rd7 34. Nb3 e4 35. Nd2 f5 36. Kg1 Bb5 37. Nf1 Bd3 38. g4 f4 39. h4 Re7 40. Bd2 Bc7 41. Bc3 Re6 42. h5 g6 43. h6 Kg8 44. Nd2 $17 Kh7 45. g5 Bd8 46. Nf3 Bc7 47. Nd2 e3 48. Nf3 Be4 49. Rd1 Re7 50. Nd4 Bb6 51. fxe3 fxe3 52. Ne2 Bf3 53. Kf1 Bc6 54. Ke1 Re4 55. Rd6 Rh4 56. Ng3 Bc7 57. Rf6 Bxg3+ 58. Ke2 Rf4 59. Re6 Rf7 60. Rxe3 Bf4 0-1

[Event "EYCC 2017"]
[Site "Mamaia"]
[Date "2017.09.13"]
[Round "8"]
[White "Roebers, Eline"]
[Black "Can, Isil"]
[Result "1-0"]
[ECO "C29"]
[WhiteElo "1816"]
[BlackElo "1945"]
[Annotator "NA RC"]
[PlyCount "47"]
[EventDate "2017.??.??"]
[EventType "swiss"]
[EventCountry "ROU"]
[SourceTitle "playchess.com"]
[Source "ChessBase"]
[SourceQuality "1"]
[TimeControl "40/5400+30:1800+30"]

1. e4 e5 2. Nc3 Nf6 3. f4 d5 4. fxe5 Nxe4 5. Qf3 f5 6. d3 Nxc3 7. bxc3 d4 8. Ne2 dxc3 9. Nf4 g6 10. Be2 Nc6 11. O-O Bc5+ 12. Kh1 Nxe5 13. Qd5 Qxd5 14. Nxd5 Bd6 15. Bh6 Kf7 16. Nxc3 Re8 17. d4 Nc6 18. Bc4+ Ke7 19. Nd5+ Kd8 20. Bg5+ Ne7 21. Rae1 c6 22. Nxe7 Bxe7 23. Rxe7 Rxe7 24. Re1 1-0